[ AOE2 MATCH · #465716429 ]
UnrankedPersians vs Teutons
[ REPLAY ANALYSIS · EXTRACTED FROM THE RECORDED GAME ]
Feudal
18:05
Castle
30:34
Imperial
45:22
| APM avg | 20.3 |
| APM peak | 47 |
| eAPM avg | 13.9 |
| Villagers / military | 109 / 95 |
Focus
⚔️ 16.6% · 🌾 83.4%
Archer ×85 · Fishing Ship ×22 · Trade Cart ×9 · Monk ×6 · Mangonel ×4
Feudal
13:17
Castle
19:48
Imperial
32:49
| APM avg | 32.7 |
| APM peak | 78 |
| eAPM avg | 26.3 |
| Villagers / military | 139 / 563 |
Focus
⚔️ 26.4% · 🌾 73.6%
Spearman ×430 · Skirmisher ×75 · Hand Cannoneer ×25 · Fishing Ship ×20 · Mangonel ×18 · Trade Cart ×9
Feudal
13:22
Castle
23:15
Imperial
35:18
| APM avg | 9.2 |
| APM peak | 21 |
| eAPM avg | 8.3 |
| Villagers / military | 106 / 120 |
Focus
⚔️ 17.9% · 🌾 82.1%
Knight ×119 · Trade Cart ×33 · Fishing Ship ×10 · Monk ×1
Feudal
12:25
Castle
18:00
Imperial
33:21
| APM avg | 27.2 |
| APM peak | 92 |
| eAPM avg | 15.9 |
| Villagers / military | 154 / 290 |
Focus
⚔️ 22.7% · 🌾 77.3%
Ghulam ×161 · Camel Scout ×128 · Trade Cart ×29 · Monk ×1
Feudal
11:26
Castle
16:59
Imperial
32:04
| APM avg | 17.3 |
| APM peak | 49 |
| eAPM avg | 13.7 |
| Villagers / military | 114 / 150 |
Focus
⚔️ 28.8% · 🌾 71.2%
Battle Elephant ×76 · Spearman ×48 · Arambai ×26 · Trade Cart ×5
Feudal
14:12
Castle
21:31
Imperial
33:54
| APM avg | 25.4 |
| APM peak | 72 |
| eAPM avg | 15.1 |
| Villagers / military | 147 / 187 |
Focus
⚔️ 25.8% · 🌾 74.2%
Elephant Archer ×107 · Scout Cavalry ×70 · Trade Cart ×13 · Trebuchet (Packed) ×9 · Monk ×1
Feudal
13:37
Castle
20:02
Imperial
32:01
| APM avg | 23.7 |
| APM peak | 62 |
| eAPM avg | 17.0 |
| Villagers / military | 156 / 332 |
Focus
⚔️ 31.7% · 🌾 68.3%
Scout Cavalry ×150 · Skirmisher ×114 · Steppe Lancer ×56 · Fishing Ship ×22 · Trade Cart ×11 · Mangonel ×6
Feudal
12:51
Castle
16:37
Imperial
30:44
| APM avg | 59.6 |
| APM peak | 170 |
| eAPM avg | 33.2 |
| Villagers / military | 148 / 313 |
Focus
⚔️ 28.3% · 🌾 71.7%
Fire Lancer ×169 · Chu Ko Nu ×114 · Iron Pagoda ×24 · Fishing Ship ×24 · Trade Cart ×5 · Demolition Raft ×4
Match map
Initial resources + every placement click. Lines = walls · curves = elevation contours. ◆ gold · ⬟ stone · ● berries · ✦ relic · ◌ wall gap
Your base· Open — opponent sealed themselves in
danok83's base· Open — opponent sealed themselves in
elenivitzi's base· ✓ Closed at 23:15 · 25t walls · no gate
Qy's base· Open — opponent sealed themselves in
Thatmanzay's base· Open — opponent sealed themselves in
huns's base· ✓ Closed at 21:31 · 47t walls · no gate
chestnut's base· ✓ Closed at 20:02 · 54t walls · no gate
pucneddih's base· ✓ Closed at 16:37 · 0t walls · no gate
Smoothed initial terrain · ◌ = detected wall gap · hover for details
Inputs per minute
— DangerousVenus3 - - danok83
Build order — DangerousVenus3
First 150 of 338 actions detected
| 0:04 | Create | Villager (Male) |
| 0:05 | Create | Villager (Male) |
| 0:05 | Create | Villager (Male) |
| 0:05 | Create | Villager (Male) |
| 0:08 | Build | House |
| 0:12 | Build | House |
| 0:18 | Research | Loom |
| 0:18 | Create | Villager (Male) |
| 0:19 | Create | Villager (Male) |
| 0:33 | Create | Villager (Male) |
| 0:33 | Create | Villager (Male) |
| 0:33 | Create | Villager (Male) |
| 1:33 | Build | Palisade Wall |
| 3:18 | Build | Palisade Wall |
| 3:24 | Create | Villager (Male) |
| 3:24 | Create | Villager (Male) |
| 3:24 | Create | Villager (Male) |
| 3:43 | Build | Palisade Wall |
| 5:12 | Create | Villager (Male) |
| 5:12 | Create | Villager (Male) |
| 5:13 | Create | Villager (Male) |
| 5:42 | Build | Palisade Wall |
| 6:06 | Create | Villager (Male) |
| 6:07 | Create | Villager (Male) |
| 6:07 | Create | Villager (Male) |
| 6:30 | Create | Villager (Male) |
| 6:30 | Create | Villager (Male) |
| 6:30 | Create | Villager (Male) |
| 7:01 | Create | Villager (Male) |
| 7:01 | Create | Villager (Male) |
| 7:38 | Create | Villager (Male) |
| 7:38 | Create | Villager (Male) |
| 7:38 | Create | Villager (Male) |
| 7:54 | Create | Villager (Male) |
| 7:55 | Create | Villager (Male) |
| 8:17 | Build | House |
| 8:47 | Create | Villager (Male) |
| 8:47 | Create | Villager (Male) |
| 8:47 | Create | Villager (Male) |
| 8:48 | Create | Villager (Male) |
| 9:29 | Create | Villager (Male) |
| 9:29 | Create | Villager (Male) |
| 9:29 | Create | Villager (Male) |
| 9:36 | Build | Dock |
| 9:59 | Create | Villager (Male) |
| 10:19 | Create | Villager (Male) |
| 10:19 | Create | Villager (Male) |
| 10:19 | Create | Villager (Male) |
| 10:29 | Create | Fishing Ship |
| 10:38 | Build | House |
| 10:41 | Create | Villager (Male) |
| 10:41 | Create | Villager (Male) |
| 10:41 | Create | Villager (Male) |
| 10:57 | Create | Villager (Male) |
| 10:57 | Create | Villager (Male) |
| 11:22 | Create | Villager (Male) |
| 11:22 | Create | Villager (Male) |
| 11:24 | Create | Fishing Ship |
| 11:51 | Build | Lumber Camp |
| 11:56 | Create | Villager (Male) |
| 12:10 | Build | House |
| 12:24 | Create | Villager (Male) |
| 12:24 | Create | Villager (Male) |
| 13:12 | Build | Mill |
| 13:18 | Create | Villager (Male) |
| 13:31 | Create | Fishing Ship |
| 13:32 | Create | Villager (Male) |
| 13:48 | Create | Fishing Ship |
| 14:07 | Create | Villager (Male) |
| 14:09 | Create | Villager (Male) |
| 14:25 | Build | Farm |
| 14:29 | Build | House |
| 14:55 | Build | House |
| 14:57 | Build | House |
| 15:03 | Build | Farm |
| 15:04 | Build | Farm |
| 15:07 | Create | Villager (Male) |
| 15:13 | Create | Fishing Ship |
| 15:48 | Build | Farm |
| 15:50 | Research | Feudal Age |
| 16:17 | Build | Mining Camp |
| 16:27 | Create | Fishing Ship |
| 16:53 | Create | Villager (Male) |
| 16:53 | Create | Villager (Male) |
| 17:20 | Create | Villager (Male) |
| 17:32 | Create | Fishing Ship |
| 17:32 | Create | Fishing Ship |
| 18:05 | Age | Feudal Age |
| 18:07 | Research | Double-Bit Axe |
| 18:11 | Research | Gold Mining |
| 18:18 | Build | Market |
| 18:27 | Build | Stone Wall |
| 18:30 | Create | Villager (Male) |
| 18:48 | Create | Fishing Ship |
| 18:50 | Create | Villager (Male) |
| 18:50 | Create | Villager (Male) |
| 19:32 | Build | Market |
| 19:38 | Research | Stone Mining |
| 19:40 | Create | Villager (Male) |
| 19:41 | Create | Villager (Male) |
| 19:52 | Build | Fish Trap |
| 19:56 | Build | Fish Trap |
| 20:01 | Build | Fish Trap |
| 20:33 | Create | Trade Cart |
| 20:34 | Create | Trade Cart |
| 20:41 | Build | House |
| 20:45 | Research | Wheelbarrow |
| 20:47 | Create | Villager (Male) |
| 20:47 | Create | Villager (Male) |
| 20:58 | Build | House |
| 20:59 | Build | House |
| 21:01 | Build | House |
| 21:02 | Build | House |
| 21:21 | Build | Lumber Camp |
| 21:28 | Create | Villager (Male) |
| 21:29 | Create | Villager (Male) |
| 21:36 | Build | Stone Wall |
| 21:54 | Build | Mining Camp |
| 21:59 | Create | Villager (Male) |
| 22:10 | Build | Fish Trap |
| 22:19 | Build | Fish Trap |
| 22:26 | Create | Fishing Ship |
| 22:27 | Create | Fishing Ship |
| 22:30 | Research | Horse Collar |
| 22:32 | Create | Villager (Male) |
| 23:13 | Build | Dock |
| 23:18 | Create | Fishing Ship |
| 23:18 | Create | Fishing Ship |
| 23:22 | Build | Farm |
| 23:24 | Build | Farm |
| 23:25 | Build | Farm |
| 23:51 | Build | Stone Wall |
| 24:02 | Build | Stone Wall |
| 24:09 | Build | Stone Wall |
| 24:16 | Build | Outpost |
| 24:18 | Create | Villager (Male) |
| 24:20 | Build | Farm |
| 24:23 | Build | Farm |
| 24:24 | Build | Farm |
| 24:25 | Build | Farm |
| 24:26 | Build | Farm |
| 24:28 | Build | Farm |
| 24:44 | Create | Trade Cart |
| 24:44 | Create | Trade Cart |
| 24:45 | Create | Trade Cart |
| 24:58 | Create | Villager (Male) |
| 24:58 | Create | Villager (Male) |
| 24:58 | Create | Villager (Male) |
| 25:14 | Build | Watch Tower |
| 25:21 | Build | Watch Tower |
Build order — danok83
First 150 of 517 actions detected
| 0:01 | Create | Villager (Male) |
| 0:01 | Create | Villager (Male) |
| 0:02 | Create | Villager (Male) |
| 0:02 | Create | Villager (Male) |
| 0:03 | Build | House |
| 0:28 | Research | Loom |
| 0:40 | Build | House |
| 0:41 | Build | House |
| 0:46 | Build | Palisade Wall |
| 0:50 | Build | Palisade Gate |
| 0:55 | Create | Villager (Male) |
| 0:55 | Create | Villager (Male) |
| 1:15 | Build | House |
| 1:25 | Build | House |
| 1:31 | Build | Palisade Wall |
| 1:34 | Build | Palisade Gate |
| 1:44 | Create | Villager (Male) |
| 2:05 | Build | House |
| 2:08 | Build | Palisade Wall |
| 2:24 | Create | Villager (Male) |
| 2:38 | Build | House |
| 2:42 | Build | Palisade Wall |
| 3:58 | Create | Villager (Male) |
| 3:59 | Create | Villager (Male) |
| 3:59 | Create | Villager (Male) |
| 4:16 | Build | Palisade Wall |
| 4:36 | Create | Villager (Male) |
| 4:36 | Create | Villager (Male) |
| 5:35 | Create | Villager (Male) |
| 5:35 | Create | Villager (Male) |
| 6:19 | Build | Mill |
| 6:22 | Create | Villager (Male) |
| 6:22 | Create | Villager (Male) |
| 7:14 | Build | Lumber Camp |
| 7:42 | Create | Villager (Male) |
| 7:43 | Create | Villager (Male) |
| 7:43 | Create | Villager (Male) |
| 7:43 | Create | Villager (Male) |
| 8:26 | Build | Dock |
| 8:33 | Create | Villager (Male) |
| 9:08 | Create | Villager (Male) |
| 9:09 | Create | Villager (Male) |
| 9:09 | Create | Villager (Male) |
| 9:09 | Create | Villager (Male) |
| 9:13 | Build | House |
| 9:26 | Create | Villager (Male) |
| 9:26 | Create | Villager (Male) |
| 9:34 | Build | House |
| 9:52 | Create | Villager (Male) |
| 9:58 | Create | Fishing Ship |
| 9:58 | Create | Fishing Ship |
| 10:29 | Build | Dock |
| 11:07 | Research | Feudal Age |
| 11:12 | Create | Fishing Ship |
| 11:14 | Create | Fishing Ship |
| 11:40 | Build | Lumber Camp |
| 12:08 | Build | Mill |
| 12:29 | Build | House |
| 12:34 | Create | Fishing Ship |
| 13:17 | Age | Feudal Age |
| 13:23 | Create | Villager (Male) |
| 13:23 | Create | Villager (Male) |
| 13:23 | Create | Villager (Male) |
| 13:23 | Create | Villager (Male) |
| 13:24 | Create | Villager (Male) |
| 13:32 | Build | Stone Wall |
| 13:35 | Build | Gate |
| 13:37 | Build | Gate |
| 13:44 | Build | House |
| 13:53 | Build | Blacksmith |
| 14:06 | Build | House |
| 14:07 | Build | House |
| 14:14 | Build | Mining Camp |
| 14:16 | Research | Double-Bit Axe |
| 14:18 | Create | Villager (Male) |
| 14:18 | Create | Villager (Male) |
| 14:18 | Create | Villager (Male) |
| 14:39 | Build | Market |
| 15:20 | Build | Lumber Camp |
| 15:31 | Create | Fishing Ship |
| 15:48 | Create | Villager (Male) |
| 15:57 | Build | Mining Camp |
| 16:09 | Create | Fishing Ship |
| 16:12 | Create | Fishing Ship |
| 16:53 | Research | Castle Age |
| 16:57 | Create | Fishing Ship |
| 16:59 | Create | Fishing Ship |
| 17:35 | Create | Trade Cart |
| 17:57 | Build | Fish Trap |
| 18:04 | Build | Fish Trap |
| 18:15 | Build | Fish Trap |
| 18:24 | Build | Fish Trap |
| 18:29 | Build | Fish Trap |
| 18:34 | Build | Fish Trap |
| 18:39 | Build | Fish Trap |
| 18:44 | Build | Fish Trap |
| 18:57 | Build | Fish Trap |
| 19:04 | Create | Trade Cart |
| 19:08 | Research | Gold Mining |
| 19:41 | Create | Villager (Male) |
| 19:41 | Create | Villager (Male) |
| 19:48 | Age | Castle Age |
| 19:53 | Build | Town Center |
| 20:05 | Create | Villager (Male) |
| 20:20 | Build | Town Center |
| 20:50 | Create | Villager (Male) |
| 20:50 | Create | Villager (Male) |
| 20:50 | Create | Villager (Male) |
| 20:51 | Create | Villager (Male) |
| 20:58 | Create | Villager (Male) |
| 20:58 | Create | Villager (Male) |
| 20:58 | Create | Villager (Male) |
| 21:10 | Build | Town Center |
| 21:21 | Create | Villager (Male) |
| 21:21 | Create | Villager (Male) |
| 21:21 | Create | Villager (Male) |
| 21:22 | Create | Villager (Male) |
| 21:24 | Create | Villager (Male) |
| 21:45 | Build | House |
| 21:46 | Build | House |
| 22:02 | Build | Town Center |
| 22:08 | Create | Villager (Male) |
| 22:10 | Create | Fishing Ship |
| 22:22 | Build | Farm |
| 22:25 | Build | Farm |
| 22:27 | Create | Villager (Male) |
| 22:30 | Create | Villager (Male) |
| 22:30 | Create | Villager (Male) |
| 22:31 | Create | Villager (Male) |
| 22:34 | Create | Villager (Male) |
| 22:40 | Build | Farm |
| 22:44 | Create | Fishing Ship |
| 22:50 | Build | Lumber Camp |
| 23:00 | Create | Villager (Male) |
| 23:08 | Build | Farm |
| 23:14 | Build | Fish Trap |
| 23:20 | Create | Fishing Ship |
| 23:23 | Create | Villager (Male) |
| 23:25 | Create | Villager (Male) |
| 23:29 | Build | Farm |
| 23:34 | Build | Fish Trap |
| 23:41 | Create | Villager (Male) |
| 23:48 | Build | House |
| 23:49 | Build | House |
| 23:55 | Research | Stone Mining |
| 24:00 | Build | Farm |
| 24:05 | Build | Fish Trap |
| 24:08 | Create | Fishing Ship |
| 24:10 | Create | Fishing Ship |
| 24:14 | Create | Villager (Male) |
Build order — elenivitzi
First 150 of 289 actions detected
| 0:11 | Build | House |
| 0:13 | Research | Loom |
| 0:14 | Create | Villager (Male) |
| 0:14 | Create | Villager (Male) |
| 0:14 | Create | Villager (Male) |
| 0:15 | Create | Villager (Male) |
| 1:01 | Build | Palisade Wall |
| 1:59 | Build | House |
| 2:36 | Create | Villager (Male) |
| 2:36 | Create | Villager (Male) |
| 4:08 | Create | Villager (Male) |
| 4:08 | Create | Villager (Male) |
| 4:08 | Create | Villager (Male) |
| 4:08 | Create | Villager (Male) |
| 4:43 | Create | Villager (Male) |
| 4:43 | Create | Villager (Male) |
| 4:43 | Create | Villager (Male) |
| 4:50 | Build | House |
| 4:58 | Build | Lumber Camp |
| 5:47 | Create | Villager (Male) |
| 5:47 | Create | Villager (Male) |
| 5:47 | Create | Villager (Male) |
| 6:59 | Create | Villager (Male) ×4 |
| 8:22 | Build | House |
| 8:23 | Build | House |
| 8:24 | Build | House |
| 8:25 | Build | House |
| 8:51 | Build | Mill |
| 9:00 | Create | Villager (Male) |
| 9:00 | Create | Villager (Male) |
| 10:03 | Create | Villager (Male) |
| 10:32 | Build | Dock |
| 10:47 | Create | Villager (Male) |
| 10:53 | Build | Mining Camp |
| 11:07 | Research | Feudal Age |
| 11:35 | Create | Fishing Ship |
| 11:41 | Build | Mining Camp |
| 12:54 | Create | Fishing Ship |
| 13:22 | Age | Feudal Age |
| 13:38 | Create | Villager (Male) |
| 13:38 | Create | Villager (Male) |
| 13:38 | Create | Villager (Male) |
| 13:39 | Create | Villager (Male) |
| 13:49 | Build | Stone Wall |
| 13:57 | Research | Double-Bit Axe |
| 14:47 | Create | Villager (Male) |
| 14:48 | Create | Villager (Male) |
| 14:48 | Create | Villager (Male) |
| 14:48 | Create | Villager (Male) |
| 14:48 | Create | Villager (Male) |
| 14:49 | Create | Villager (Male) |
| 14:49 | Create | Villager (Male) |
| 14:49 | Create | Villager (Male) |
| 15:03 | Create | Fishing Ship |
| 15:42 | Build | Stone Wall |
| 16:11 | Build | Mill |
| 16:24 | Build | Market |
| 16:32 | Build | Farm |
| 16:38 | Build | Farm |
| 16:56 | Research | Horse Collar |
| 17:27 | Build | Farm |
| 17:33 | Build | Farm |
| 18:18 | Build | Blacksmith |
| 18:28 | Research | Wheelbarrow |
| 18:34 | Build | Farm |
| 18:43 | Create | Fishing Ship |
| 19:45 | Create | Villager (Male) |
| 19:46 | Create | Villager (Male) |
| 19:46 | Create | Villager (Male) |
| 20:00 | Build | House |
| 20:03 | Build | House |
| 20:05 | Build | House |
| 20:06 | Build | House |
| 20:09 | Build | House |
| 20:19 | Build | Farm |
| 20:22 | Research | Castle Age |
| 20:37 | Build | Lumber Camp |
| 20:49 | Build | Outpost |
| 21:33 | Build | Barracks |
| 21:42 | Build | Farm |
| 22:43 | Build | Fish Trap |
| 22:46 | Create | Fishing Ship |
| 22:46 | Create | Fishing Ship |
| 22:52 | Build | Fish Trap |
| 23:00 | Build | Fish Trap |
| 23:12 | Build | Fish Trap |
| 23:15 | Age | Castle Age |
| 23:20 | Build | Town Center |
| 23:25 | Create | Villager (Male) ×5 |
| 23:39 | Build | Town Center |
| 23:57 | Build | Town Center |
| 24:32 | Build | Monastery |
| 24:43 | Create | Trade Cart |
| 24:43 | Create | Trade Cart |
| 24:43 | Create | Trade Cart |
| 24:43 | Create | Trade Cart |
| 24:44 | Create | Trade Cart |
| 25:00 | Create | Villager (Male) |
| 25:01 | Create | Villager (Male) |
| 25:01 | Create | Villager (Male) |
| 25:01 | Create | Villager (Male) |
| 25:14 | Create | Villager (Male) |
| 25:15 | Create | Villager (Male) |
| 25:15 | Create | Villager (Male) |
| 25:24 | Build | Fish Trap |
| 25:27 | Build | Fish Trap |
| 25:30 | Create | Fishing Ship |
| 25:30 | Create | Fishing Ship |
| 25:34 | Create | Villager (Male) |
| 25:34 | Create | Villager (Male) |
| 25:34 | Create | Villager (Male) |
| 25:35 | Create | Villager (Male) |
| 25:52 | Build | Lumber Camp |
| 26:01 | Research | Town Watch |
| 26:07 | Create | Monk |
| 26:15 | Build | University |
| 26:23 | Create | Villager (Male) |
| 26:23 | Create | Villager (Male) |
| 26:23 | Create | Villager (Male) |
| 26:28 | Create | Villager (Male) |
| 26:29 | Create | Villager (Male) |
| 26:39 | Build | Farm |
| 26:40 | Build | Farm |
| 26:42 | Build | Farm |
| 26:42 | Build | Farm |
| 26:52 | Create | Villager (Male) |
| 26:53 | Create | Villager (Male) |
| 26:56 | Research | Hand Cart |
| 27:23 | Build | House |
| 27:25 | Build | House |
| 27:26 | Build | House |
| 27:27 | Build | House |
| 27:28 | Build | House |
| 27:38 | Research | Bow Saw |
| 27:38 | Research | Bow Saw |
| 27:43 | Create | Villager (Male) |
| 27:43 | Create | Villager (Male) |
| 27:57 | Build | Farm |
| 27:58 | Build | Farm |
| 27:59 | Build | Farm |
| 28:06 | Build | Farm |
| 28:08 | Build | Farm |
| 28:08 | Build | Farm |
| 28:13 | Create | Villager (Male) ×3 |
| 28:14 | Create | Villager (Male) ×3 |
| 28:41 | Build | Siege Workshop |
| 28:48 | Create | Villager (Male) |
| 28:48 | Create | Villager (Male) |
| 28:49 | Create | Villager (Male) |
| 28:49 | Create | Villager (Male) |
Build order — Qy
First 150 of 449 actions detected
| 0:03 | Build | House |
| 0:04 | Build | House |
| 0:05 | Build | House |
| 0:06 | Build | House |
| 0:14 | Research | Loom |
| 0:14 | Create | Villager (Male) ×4 |
| 1:40 | Create | Villager (Male) |
| 2:40 | Create | Villager (Male) |
| 2:57 | Build | Palisade Wall |
| 3:22 | Build | Palisade Wall |
| 3:22 | Build | Palisade Wall |
| 3:23 | Build | Palisade Wall |
| 3:35 | Create | Villager (Male) |
| 3:35 | Create | Villager (Male) |
| 3:35 | Create | Villager (Male) |
| 3:50 | Create | Villager (Male) |
| 4:28 | Create | Villager (Male) |
| 4:38 | Create | Villager (Male) |
| 4:38 | Create | Villager (Male) |
| 4:50 | Create | Villager (Male) |
| 4:50 | Create | Villager (Male) |
| 5:08 | Create | Villager (Male) |
| 5:48 | Create | Villager (Male) |
| 6:18 | Create | Villager (Male) |
| 7:35 | Create | Villager (Male) |
| 7:35 | Create | Villager (Male) |
| 7:35 | Create | Villager (Male) |
| 7:52 | Build | Lumber Camp |
| 7:57 | Create | Villager (Male) |
| 7:57 | Create | Villager (Male) |
| 8:09 | Build | Mining Camp |
| 8:21 | Build | House |
| 9:09 | Build | House |
| 9:16 | Research | Feudal Age |
| 9:49 | Build | Mill |
| 10:01 | Build | Mill |
| 10:50 | Build | Lumber Camp |
| 11:40 | Create | Villager (Male) |
| 11:40 | Create | Villager (Male) |
| 11:41 | Create | Villager (Male) |
| 12:25 | Age | Feudal Age |
| 12:29 | Build | Market |
| 12:35 | Build | Blacksmith |
| 12:38 | Research | Double-Bit Axe |
| 12:40 | Create | Villager (Male) |
| 12:53 | Build | Stone Wall |
| 12:57 | Create | Villager (Male) |
| 12:57 | Create | Villager (Male) |
| 13:07 | Build | House |
| 13:08 | Build | House |
| 13:09 | Build | House |
| 13:50 | Build | Lumber Camp |
| 13:54 | Create | Villager (Male) |
| 14:26 | Create | Villager (Male) |
| 14:45 | Build | House |
| 14:55 | Build | Stone Wall |
| 14:58 | Build | Stone Wall |
| 15:06 | Research | Castle Age |
| 15:17 | Build | Farm |
| 15:24 | Build | Mining Camp |
| 15:29 | Research | Stone Mining |
| 15:32 | Research | Horse Collar |
| 15:35 | Build | Farm |
| 15:36 | Build | Farm |
| 15:38 | Build | Farm |
| 16:01 | Build | Farm |
| 16:05 | Build | Farm |
| 16:11 | Create | Villager (Male) |
| 16:21 | Create | Villager (Male) |
| 16:32 | Build | Stone Wall |
| 16:33 | Build | Stone Wall |
| 17:28 | Build | Mining Camp |
| 18:00 | Age | Castle Age |
| 18:02 | Build | Town Center |
| 18:14 | Build | Farm |
| 18:15 | Build | Farm |
| 18:20 | Build | Farm |
| 18:25 | Create | Villager (Male) |
| 18:25 | Create | Villager (Male) |
| 18:55 | Research | Bow Saw |
| 18:55 | Research | Bow Saw |
| 18:59 | Create | Villager (Male) |
| 19:00 | Create | Villager (Male) |
| 19:00 | Create | Villager (Male) |
| 19:22 | Build | House |
| 19:23 | Build | House |
| 19:24 | Build | House |
| 19:39 | Create | Villager (Male) |
| 19:39 | Create | Villager (Male) |
| 19:40 | Create | Villager (Male) |
| 19:40 | Create | Villager (Male) |
| 19:44 | Build | Farm |
| 19:49 | Create | Villager (Male) |
| 19:49 | Create | Villager (Male) |
| 19:55 | Build | Farm |
| 20:02 | Build | Farm |
| 20:05 | Create | Villager (Male) |
| 20:10 | Create | Villager (Male) |
| 20:13 | Build | Farm |
| 20:22 | Create | Villager (Male) |
| 20:23 | Create | Villager (Male) |
| 20:29 | Build | Farm |
| 20:35 | Create | Villager (Male) |
| 20:44 | Build | Lumber Camp |
| 20:48 | Create | Villager (Male) |
| 21:01 | Build | Castle |
| 21:08 | Create | Villager (Male) |
| 21:20 | Build | Monastery |
| 21:30 | Create | Villager (Male) |
| 21:35 | Build | Farm |
| 21:42 | Build | Farm |
| 21:45 | Create | Villager (Male) |
| 21:45 | Create | Villager (Male) |
| 21:48 | Build | House |
| 21:52 | Build | House |
| 21:53 | Build | House |
| 21:56 | Create | Monk |
| 22:01 | Create | Villager (Male) |
| 22:09 | Research | Forging |
| 22:15 | Create | Villager (Male) |
| 22:18 | Build | Farm |
| 22:36 | Build | Town Center |
| 22:41 | Create | Villager (Male) |
| 22:45 | Create | Villager (Male) |
| 22:47 | Create | Villager (Male) |
| 22:59 | Build | House |
| 23:00 | Build | House |
| 23:01 | Build | House |
| 23:03 | Create | Villager (Male) |
| 23:19 | Create | Villager (Male) |
| 23:28 | Build | Farm |
| 23:29 | Build | Farm |
| 23:31 | Build | Farm |
| 23:35 | Build | Farm |
| 23:40 | Build | Farm |
| 23:43 | Create | Villager (Male) |
| 23:43 | Create | Villager (Male) |
| 23:47 | Create | Villager (Male) |
| 23:48 | Create | Villager (Male) |
| 23:48 | Create | Villager (Male) |
| 23:48 | Create | Villager (Male) |
| 23:53 | Create | Villager (Male) |
| 23:58 | Create | Villager (Male) |
| 24:07 | Build | Barracks |
| 24:13 | Build | Farm |
| 24:16 | Create | Villager (Male) |
| 24:16 | Create | Villager (Male) |
| 24:22 | Build | Lumber Camp |
| 24:26 | Create | Villager (Male) |
| 24:34 | Research | Scale Mail Armor |
Build order — Thatmanzay
First 150 of 369 actions detected
| 0:08 | Build | House |
| 0:09 | Create | Villager (Male) ×4 |
| 0:11 | Build | House |
| 1:33 | Create | Villager (Male) |
| 2:19 | Build | Lumber Camp |
| 2:26 | Create | Villager (Male) |
| 2:27 | Create | Villager (Male) |
| 3:34 | Create | Villager (Male) |
| 3:34 | Create | Villager (Male) |
| 3:36 | Create | Villager (Male) |
| 4:51 | Build | Mill |
| 4:55 | Create | Villager (Male) |
| 4:56 | Create | Villager (Male) |
| 5:35 | Create | Villager (Male) |
| 5:36 | Create | Villager (Male) |
| 6:07 | Build | House |
| 6:09 | Research | Loom |
| 6:11 | Create | Villager (Male) |
| 6:12 | Create | Villager (Male) |
| 6:32 | Create | Villager (Male) |
| 6:41 | Build | Mill |
| 7:07 | Create | Villager (Male) |
| 7:56 | Build | Mining Camp |
| 8:20 | Build | Palisade Wall |
| 8:33 | Build | Palisade Wall |
| 9:07 | Build | House |
| 9:12 | Create | Villager (Male) |
| 9:13 | Create | Villager (Male) |
| 9:16 | Research | Feudal Age |
| 11:22 | Create | Villager (Male) |
| 11:22 | Create | Villager (Male) |
| 11:26 | Age | Feudal Age |
| 11:36 | Build | Mill |
| 11:46 | Create | Villager (Male) |
| 12:03 | Build | Blacksmith |
| 12:18 | Build | Market |
| 12:20 | Create | Villager (Male) |
| 12:40 | Build | House |
| 12:53 | Create | Villager (Male) |
| 13:35 | Create | Villager (Male) |
| 13:36 | Create | Villager (Male) |
| 14:19 | Research | Castle Age |
| 14:48 | Research | Horse Collar |
| 15:02 | Build | House |
| 15:03 | Build | House |
| 15:04 | Build | House |
| 15:06 | Build | House |
| 15:07 | Build | House |
| 15:16 | Build | Farm |
| 15:37 | Build | Farm |
| 16:05 | Build | Farm |
| 16:11 | Build | Farm |
| 16:15 | Build | Farm |
| 16:19 | Build | Farm |
| 16:55 | Create | Villager (Male) |
| 16:56 | Create | Villager (Male) |
| 16:59 | Age | Castle Age |
| 17:01 | Create | Villager (Male) |
| 17:39 | Build | Town Center |
| 17:43 | Create | Villager (Male) |
| 17:43 | Create | Villager (Male) |
| 17:59 | Build | Farm |
| 18:14 | Create | Villager (Male) |
| 18:19 | Build | Lumber Camp |
| 18:38 | Create | Villager (Male) |
| 19:10 | Build | Farm |
| 19:14 | Build | Farm |
| 19:17 | Build | Farm |
| 19:25 | Build | Farm |
| 19:38 | Build | Farm |
| 19:45 | Create | Villager (Male) |
| 19:53 | Research | Wheelbarrow |
| 20:02 | Create | Villager (Male) |
| 20:02 | Create | Villager (Male) |
| 20:02 | Create | Villager (Male) |
| 20:14 | Build | Lumber Camp |
| 20:22 | Build | Farm |
| 20:29 | Build | Farm |
| 20:36 | Build | Farm |
| 20:44 | Build | Farm |
| 20:51 | Build | Farm |
| 21:06 | Build | Farm |
| 21:07 | Create | Villager (Male) |
| 21:07 | Create | Villager (Male) |
| 21:25 | Research | Caravan |
| 21:41 | Build | Market |
| 21:59 | Create | Villager (Male) |
| 22:02 | Research | Hand Cart |
| 22:35 | Build | Town Center |
| 22:48 | Create | Villager (Male) |
| 22:48 | Create | Villager (Male) |
| 22:51 | Create | Villager (Male) |
| 22:52 | Create | Villager (Male) |
| 22:52 | Create | Villager (Male) |
| 22:52 | Create | Villager (Male) |
| 22:56 | Create | Villager (Male) |
| 23:39 | Research | Heavy Plow |
| 23:42 | Research | Gold Mining |
| 24:10 | Build | Mining Camp |
| 24:19 | Research | Gold Shaft Mining |
| 24:21 | Create | Villager (Male) |
| 24:22 | Create | Villager (Male) |
| 24:22 | Create | Villager (Male) |
| 24:23 | Create | Villager (Male) |
| 25:00 | Create | Villager (Male) |
| 25:00 | Create | Villager (Male) |
| 25:04 | Build | Farm |
| 25:07 | Create | Villager (Male) |
| 25:15 | Build | House |
| 25:17 | Build | House |
| 25:19 | Build | House |
| 25:19 | Build | House |
| 25:20 | Build | House |
| 25:21 | Build | House |
| 25:23 | Build | House |
| 25:23 | Build | House |
| 25:24 | Build | House |
| 25:29 | Build | Farm |
| 25:31 | Create | Villager (Male) ×5 |
| 25:34 | Build | Farm |
| 25:36 | Build | Farm |
| 25:40 | Build | Farm |
| 25:41 | Build | Farm |
| 25:43 | Create | Villager (Male) |
| 25:48 | Build | Farm |
| 25:50 | Create | Villager (Male) |
| 25:50 | Create | Villager (Male) |
| 25:59 | Create | Villager (Male) |
| 25:59 | Create | Villager (Male) |
| 26:03 | Build | Farm |
| 26:04 | Build | Farm |
| 26:10 | Research | Stone Mining |
| 26:24 | Build | Farm |
| 26:28 | Create | Villager (Male) |
| 26:38 | Create | Villager (Male) |
| 26:39 | Create | Villager (Male) |
| 26:41 | Create | Villager (Male) |
| 26:56 | Create | Villager (Male) |
| 27:30 | Build | University |
| 27:59 | Build | Siege Workshop |
| 28:01 | Create | Villager (Male) |
| 28:02 | Create | Villager (Male) |
| 28:11 | Create | Villager (Male) |
| 28:12 | Create | Villager (Male) |
| 28:18 | Create | Villager (Male) |
| 28:19 | Create | Villager (Male) |
| 28:29 | Create | Villager (Male) |
| 28:29 | Create | Villager (Male) |
| 28:30 | Create | Villager (Male) |
| 28:37 | Build | Farm |
Build order — huns
First 150 of 376 actions detected
| 0:03 | Create | Villager (Male) |
| 0:03 | Create | Villager (Male) |
| 0:05 | Build | House |
| 0:06 | Build | House |
| 0:24 | Research | Loom |
| 0:24 | Create | Villager (Male) |
| 0:24 | Create | Villager (Male) |
| 0:24 | Create | Villager (Male) |
| 0:25 | Create | Villager (Male) |
| 2:20 | Create | Villager (Male) |
| 3:00 | Create | Villager (Male) |
| 3:32 | Create | Villager (Male) |
| 4:02 | Create | Villager (Male) |
| 4:03 | Create | Villager (Male) |
| 4:19 | Create | Villager (Male) |
| 4:20 | Create | Villager (Male) |
| 5:09 | Create | Villager (Male) |
| 5:09 | Create | Villager (Male) |
| 5:13 | Build | House |
| 5:59 | Build | Palisade Wall |
| 6:08 | Build | Lumber Camp |
| 6:12 | Create | Villager (Male) |
| 6:12 | Create | Villager (Male) |
| 6:12 | Create | Villager (Male) |
| 6:51 | Create | Villager (Male) |
| 6:52 | Create | Villager (Male) |
| 7:18 | Build | House |
| 7:23 | Build | House |
| 7:56 | Create | Villager (Male) |
| 8:31 | Create | Villager (Male) |
| 8:31 | Create | Villager (Male) |
| 8:49 | Create | Villager (Male) |
| 9:05 | Create | Villager (Male) |
| 9:45 | Build | Lumber Camp |
| 10:02 | Build | Mining Camp |
| 10:09 | Create | Villager (Male) |
| 10:09 | Create | Villager (Male) |
| 10:19 | Build | Mill |
| 10:30 | Create | Villager (Male) |
| 10:31 | Create | Villager (Male) |
| 11:00 | Build | Mining Camp |
| 11:08 | Build | House |
| 11:10 | Build | House |
| 11:11 | Build | House |
| 11:46 | Research | Feudal Age |
| 12:31 | Build | Mill |
| 12:54 | Build | Palisade Wall |
| 13:11 | Build | Lumber Camp |
| 13:28 | Create | Villager (Male) |
| 13:29 | Create | Villager (Male) |
| 13:45 | Build | Farm |
| 13:46 | Build | Farm |
| 13:47 | Build | Farm |
| 13:47 | Build | Farm |
| 13:48 | Build | Farm |
| 13:50 | Build | Farm |
| 14:12 | Age | Feudal Age |
| 14:13 | Research | Double-Bit Axe |
| 14:13 | Research | Double-Bit Axe |
| 14:20 | Build | Stone Wall |
| 14:35 | Build | Stone Wall |
| 14:47 | Build | Market |
| 14:50 | Build | Blacksmith |
| 14:54 | Create | Villager (Male) |
| 14:54 | Create | Villager (Male) |
| 14:57 | Research | Horse Collar |
| 15:37 | Create | Villager (Male) |
| 15:37 | Create | Villager (Male) |
| 15:50 | Build | Outpost |
| 16:01 | Build | Farm |
| 16:14 | Create | Villager (Male) |
| 16:14 | Create | Villager (Male) |
| 16:29 | Build | Farm |
| 16:36 | Build | Farm |
| 16:37 | Build | Farm |
| 16:49 | Build | Outpost |
| 17:11 | Research | Town Watch |
| 17:12 | Create | Villager (Male) |
| 17:12 | Create | Villager (Male) |
| 17:32 | Build | Outpost |
| 18:23 | Build | Farm |
| 18:24 | Build | Farm |
| 18:51 | Research | Castle Age |
| 18:51 | Research | Castle Age |
| 18:51 | Research | Castle Age |
| 18:59 | Build | Farm |
| 19:00 | Build | Farm |
| 19:01 | Build | Farm |
| 19:03 | Build | Farm |
| 19:06 | Research | Stone Mining |
| 19:07 | Research | Stone Mining |
| 19:08 | Research | Gold Mining |
| 19:08 | Research | Gold Mining |
| 20:33 | Create | Villager (Male) |
| 20:34 | Create | Villager (Male) |
| 21:31 | Age | Castle Age |
| 21:35 | Build | Town Center |
| 21:46 | Research | Heavy Plow |
| 21:49 | Research | Bow Saw |
| 21:49 | Research | Bow Saw |
| 22:05 | Build | Town Center |
| 22:19 | Research | Wheelbarrow |
| 22:22 | Create | Villager (Male) |
| 22:22 | Create | Villager (Male) |
| 22:22 | Create | Villager (Male) |
| 22:43 | Build | Castle |
| 22:51 | Build | House |
| 22:52 | Build | House |
| 22:59 | Create | Villager (Male) |
| 22:59 | Create | Villager (Male) |
| 22:59 | Create | Villager (Male) |
| 23:09 | Build | Monastery |
| 23:20 | Create | Villager (Male) |
| 23:20 | Create | Villager (Male) |
| 23:21 | Create | Villager (Male) |
| 24:15 | Create | Villager (Male) |
| 24:16 | Create | Villager (Male) |
| 24:16 | Create | Villager (Male) |
| 24:16 | Create | Villager (Male) |
| 24:16 | Create | Villager (Male) |
| 24:17 | Create | Villager (Male) |
| 24:37 | Build | Town Center |
| 24:40 | Create | Monk |
| 25:01 | Build | Farm |
| 25:03 | Build | Farm |
| 25:03 | Build | Farm |
| 25:06 | Create | Villager (Male) ×5 |
| 25:18 | Build | Farm |
| 25:29 | Create | Villager (Male) |
| 25:29 | Create | Villager (Male) |
| 26:12 | Build | Town Center |
| 26:18 | Create | Villager (Male) |
| 26:18 | Create | Villager (Male) |
| 26:19 | Create | Villager (Male) |
| 26:19 | Create | Villager (Male) |
| 26:19 | Create | Villager (Male) |
| 26:39 | Build | Castle |
| 26:44 | Research | Hand Cart |
| 26:45 | Create | Villager (Male) ×5 |
| 26:52 | Build | Farm |
| 26:52 | Build | Farm |
| 26:53 | Build | Farm |
| 26:55 | Build | Farm |
| 27:04 | Create | Villager (Male) ×5 |
| 27:08 | Build | Farm |
| 27:09 | Build | Farm |
| 27:10 | Build | Farm |
| 27:26 | Create | Villager (Male) ×5 |
| 27:56 | Create | Villager (Male) ×5 |
| 28:04 | Build | Farm |
Build order — chestnut
First 150 of 547 actions detected
| 0:01 | Create | Villager (Male) |
| 0:01 | Create | Villager (Male) |
| 0:01 | Create | Villager (Male) |
| 0:02 | Build | House |
| 0:04 | Build | House |
| 0:15 | Create | Villager (Male) |
| 0:23 | Build | House |
| 1:35 | Create | Villager (Male) |
| 1:37 | Research | Loom |
| 2:09 | Create | Villager (Male) |
| 2:41 | Build | Palisade Wall |
| 3:03 | Build | Palisade Wall |
| 3:07 | Create | Villager (Male) |
| 3:07 | Create | Villager (Male) |
| 3:08 | Create | Villager (Male) |
| 3:50 | Create | Villager (Male) |
| 4:07 | Create | Villager (Male) |
| 4:44 | Build | Palisade Wall |
| 4:57 | Create | Villager (Male) |
| 4:57 | Create | Villager (Male) |
| 5:13 | Create | Villager (Male) |
| 5:27 | Build | Palisade Wall |
| 5:43 | Create | Villager (Male) |
| 5:43 | Create | Villager (Male) |
| 5:55 | Build | Lumber Camp |
| 5:58 | Create | Villager (Male) |
| 6:44 | Create | Villager (Male) |
| 6:45 | Create | Villager (Male) |
| 7:10 | Build | House |
| 7:30 | Build | House |
| 7:36 | Create | Villager (Male) |
| 8:05 | Create | Villager (Male) |
| 8:11 | Create | Villager (Male) |
| 8:21 | Create | Villager (Male) |
| 8:21 | Create | Villager (Male) |
| 8:27 | Create | Villager (Male) |
| 8:35 | Create | Villager (Male) |
| 8:36 | Create | Villager (Male) |
| 8:46 | Build | Mill |
| 9:08 | Create | Villager (Male) |
| 9:45 | Build | Palisade Wall |
| 9:50 | Build | Palisade Wall |
| 9:55 | Create | Villager (Male) |
| 9:56 | Create | Villager (Male) |
| 9:56 | Create | Villager (Male) |
| 10:14 | Build | Lumber Camp |
| 10:16 | Create | Villager (Male) |
| 11:12 | Build | Mill |
| 11:20 | Research | Feudal Age |
| 11:41 | Build | Lumber Camp |
| 12:35 | Build | House |
| 12:40 | Build | Dock |
| 13:24 | Create | Villager (Male) |
| 13:24 | Create | Villager (Male) |
| 13:29 | Create | Villager (Male) |
| 13:30 | Create | Villager (Male) |
| 13:35 | Build | House |
| 13:36 | Create | Fishing Ship |
| 13:37 | Create | Fishing Ship |
| 13:37 | Age | Feudal Age |
| 13:43 | Research | Double-Bit Axe |
| 14:05 | Create | Villager (Male) |
| 14:05 | Create | Villager (Male) |
| 14:16 | Build | Dock |
| 14:19 | Create | Fishing Ship |
| 14:22 | Build | House |
| 14:29 | Create | Villager (Male) |
| 14:54 | Create | Fishing Ship |
| 14:55 | Create | Fishing Ship |
| 15:03 | Build | Mining Camp |
| 15:16 | Build | Lumber Camp |
| 15:26 | Build | House |
| 15:27 | Build | House |
| 15:30 | Create | Fishing Ship |
| 15:32 | Create | Fishing Ship |
| 15:46 | Build | Blacksmith |
| 16:01 | Build | Stone Wall |
| 16:08 | Build | Stone Wall |
| 16:12 | Create | Villager (Male) |
| 16:18 | Build | Market |
| 16:23 | Create | Fishing Ship |
| 16:24 | Create | Fishing Ship |
| 16:52 | Create | Villager (Male) |
| 17:17 | Research | Castle Age |
| 17:43 | Build | Mining Camp |
| 17:54 | Build | Fish Trap |
| 18:18 | Create | Fishing Ship |
| 18:20 | Create | Fishing Ship |
| 18:28 | Research | Stone Mining |
| 18:38 | Build | Lumber Camp |
| 19:06 | Build | Fish Trap |
| 19:11 | Build | Fish Trap |
| 19:14 | Build | Fish Trap |
| 19:17 | Build | Fish Trap |
| 19:20 | Build | Fish Trap |
| 19:23 | Build | Fish Trap |
| 19:27 | Build | Fish Trap |
| 19:29 | Create | Fishing Ship |
| 19:31 | Create | Fishing Ship |
| 19:34 | Create | Villager (Male) |
| 19:34 | Create | Villager (Male) |
| 19:35 | Create | Villager (Male) |
| 19:36 | Create | Villager (Male) |
| 19:40 | Create | Villager (Male) |
| 19:41 | Create | Villager (Male) |
| 20:02 | Age | Castle Age |
| 20:03 | Research | Bow Saw |
| 20:14 | Build | Fish Trap |
| 20:19 | Build | Fish Trap |
| 20:25 | Build | Fish Trap |
| 20:28 | Build | Fish Trap |
| 20:34 | Build | Fish Trap |
| 20:37 | Research | Tech 906 |
| 20:41 | Create | Fishing Ship |
| 20:41 | Create | Fishing Ship |
| 20:43 | Create | Villager (Male) |
| 20:53 | Build | Monastery |
| 20:58 | Build | Monastery |
| 21:05 | Build | Town Center |
| 21:14 | Research | Wheelbarrow |
| 21:21 | Create | Fishing Ship |
| 21:22 | Create | Fishing Ship |
| 21:24 | Create | Fishing Ship |
| 21:30 | Build | Fish Trap |
| 21:36 | Research | Horse Collar |
| 21:36 | Research | Horse Collar |
| 21:37 | Create | Villager (Male) |
| 21:38 | Create | Villager (Male) |
| 21:40 | Create | Monk |
| 21:48 | Create | Villager (Male) |
| 21:48 | Create | Villager (Male) |
| 21:48 | Create | Villager (Male) |
| 22:05 | Create | Villager (Male) |
| 22:12 | Build | Fish Trap |
| 22:17 | Build | Fish Trap |
| 22:21 | Create | Fishing Ship |
| 22:23 | Create | Fishing Ship |
| 22:25 | Research | Gillnets |
| 22:26 | Create | Villager (Male) |
| 22:27 | Create | Villager (Male) |
| 22:45 | Create | Villager (Male) |
| 22:55 | Build | Fish Trap |
| 22:59 | Build | Fish Trap |
| 23:03 | Create | Fishing Ship |
| 23:07 | Create | Fishing Ship |
| 23:09 | Create | Villager (Male) |
| 23:09 | Create | Villager (Male) |
| 23:17 | Build | Farm |
| 23:18 | Build | Farm |
| 23:20 | Build | Farm |
Build order — pucneddih
First 150 of 440 actions detected
| 0:04 | Research | Loom |
| 0:54 | Create | Villager (Male) |
| 1:22 | Create | Villager (Male) |
| 1:56 | Create | Villager (Male) |
| 2:25 | Create | Villager (Male) |
| 2:40 | Create | Villager (Male) |
| 3:10 | Create | Villager (Male) |
| 3:21 | Build | Lumber Camp |
| 3:29 | Create | Villager (Male) |
| 3:47 | Build | House |
| 4:09 | Create | Villager (Male) |
| 4:42 | Create | Villager (Male) |
| 4:42 | Create | Villager (Male) |
| 5:04 | Create | Villager (Male) |
| 5:11 | Build | House |
| 5:21 | Build | Dock |
| 5:24 | Create | Villager (Male) |
| 5:38 | Create | Villager (Male) |
| 5:44 | Build | House |
| 6:28 | Create | Villager (Male) |
| 6:28 | Create | Villager (Male) |
| 6:33 | Create | Fishing Ship |
| 6:44 | Create | Villager (Male) |
| 7:00 | Create | Villager (Male) |
| 7:04 | Create | Fishing Ship |
| 7:20 | Create | Fishing Ship |
| 7:33 | Create | Villager (Male) |
| 7:50 | Create | Villager (Male) |
| 8:24 | Create | Fishing Ship |
| 8:41 | Create | Villager (Male) |
| 9:27 | Create | Villager (Male) |
| 9:50 | Build | Mill |
| 10:00 | Build | Mining Camp |
| 10:02 | Create | Villager (Male) |
| 10:13 | Build | House |
| 10:41 | Research | Feudal Age |
| 10:50 | Build | House |
| 11:56 | Build | Mill |
| 12:32 | Create | Villager (Male) |
| 12:32 | Create | Villager (Male) |
| 12:51 | Age | Feudal Age |
| 12:56 | Build | Market |
| 13:02 | Build | Blacksmith |
| 13:03 | Create | Villager (Male) |
| 13:15 | Research | Tech 906 |
| 13:22 | Build | Farm |
| 13:22 | Build | Farm |
| 13:23 | Build | Farm |
| 13:23 | Build | Farm |
| 13:54 | Build | Lumber Camp |
| 13:57 | Research | Castle Age |
| 14:21 | Build | House |
| 14:55 | Research | Double-Bit Axe |
| 15:02 | Build | Farm |
| 15:23 | Build | Fish Trap |
| 15:28 | Create | Villager (Male) |
| 15:32 | Build | Fish Trap |
| 15:39 | Build | Fish Trap |
| 15:47 | Build | Fish Trap |
| 16:37 | Age | Castle Age |
| 16:43 | Build | Town Center |
| 16:53 | Create | Villager (Male) |
| 17:09 | Build | Town Center |
| 17:11 | Create | Villager (Male) |
| 17:29 | Research | Bow Saw |
| 17:30 | Create | Villager (Male) |
| 18:01 | Create | Villager (Male) |
| 18:24 | Create | Villager (Male) |
| 18:31 | Create | Villager (Male) |
| 18:34 | Research | Gillnets |
| 18:35 | Create | Fishing Ship |
| 18:40 | Research | Horse Collar |
| 18:49 | Create | Villager (Male) |
| 19:03 | Create | Villager (Male) |
| 19:07 | Create | Villager (Male) |
| 19:10 | Create | Villager (Male) |
| 19:14 | Create | Fishing Ship |
| 19:20 | Build | Dock |
| 19:22 | Create | Villager (Male) |
| 19:33 | Build | Farm |
| 19:33 | Build | Farm |
| 19:34 | Build | Farm |
| 19:35 | Create | Villager (Male) |
| 19:37 | Build | Farm |
| 19:41 | Create | Villager (Male) |
| 19:48 | Build | Fish Trap |
| 19:51 | Create | Villager (Male) |
| 19:54 | Create | Villager (Male) |
| 20:00 | Create | Villager (Male) |
| 20:03 | Build | Farm |
| 20:04 | Create | Villager (Male) |
| 20:08 | Build | House |
| 20:09 | Build | House |
| 20:11 | Create | Villager (Male) |
| 20:14 | Create | Fishing Ship |
| 20:14 | Create | Fishing Ship |
| 20:14 | Create | Fishing Ship |
| 20:15 | Create | Fishing Ship |
| 20:25 | Create | Villager (Male) |
| 20:27 | Build | Farm |
| 20:32 | Build | Fish Trap |
| 20:37 | Create | Villager (Male) |
| 20:44 | Build | Monastery |
| 20:47 | Create | Villager (Male) |
| 20:52 | Create | Villager (Male) |
| 21:03 | Build | Fish Trap |
| 21:03 | Create | Villager (Male) |
| 21:04 | Create | Villager (Male) |
| 21:05 | Create | Villager (Male) |
| 21:08 | Build | Fish Trap |
| 21:10 | Create | Fishing Ship |
| 21:10 | Create | Fishing Ship |
| 21:13 | Create | Fishing Ship |
| 21:14 | Create | Villager (Male) |
| 21:17 | Build | House |
| 21:20 | Create | Villager (Male) |
| 21:24 | Create | Villager (Male) |
| 21:30 | Create | Villager (Male) |
| 21:33 | Create | Villager (Male) |
| 21:35 | Create | Monk |
| 21:37 | Create | Villager (Male) |
| 21:41 | Build | Fish Trap |
| 21:45 | Create | Villager (Male) |
| 21:50 | Build | House |
| 21:51 | Build | House |
| 21:53 | Create | Villager (Male) |
| 21:56 | Build | Fish Trap |
| 22:01 | Create | Villager (Male) |
| 22:14 | Build | Town Center |
| 22:15 | Create | Villager (Male) |
| 22:22 | Build | Lumber Camp |
| 22:24 | Create | Villager (Male) |
| 22:28 | Build | Fish Trap |
| 22:33 | Create | Villager (Male) |
| 22:34 | Create | Villager (Male) |
| 22:39 | Research | Wheelbarrow |
| 22:40 | Research | Town Watch |
| 22:40 | Create | Villager (Male) |
| 22:45 | Build | Fish Trap |
| 22:52 | Research | Gold Mining |
| 23:02 | Create | Villager (Male) |
| 23:02 | Create | Villager (Male) |
| 23:07 | Build | House |
| 23:08 | Build | House |
| 23:10 | Build | House |
| 23:12 | Create | Villager (Male) |
| 23:15 | Create | Fishing Ship |
| 23:16 | Create | Fishing Ship |
| 23:16 | Create | Fishing Ship |
| 23:16 | Create | Fishing Ship |
Match timeline
| 0:46 | danok83 · wall_segment Palisade Wall x6 |
| 1:01 | elenivitzi · wall_segment Palisade Wall x12 |
| 1:31 | danok83 · wall_segment Palisade Wall x6 |
| 1:33 | DangerousVenus3 · wall_segment Palisade Wall x20 |
| 2:08 | danok83 · wall_segment Palisade Wall x8 |
| 2:41 | chestnut · wall_segment Palisade Wall x6 |
| 2:42 | danok83 · wall_segment Palisade Wall x6 |
| 2:57 | Qy · wall_segment Palisade Wall x13 |
| 3:03 | chestnut · wall_segment Palisade Wall x4 |
| 3:18 | DangerousVenus3 · wall_segment Palisade Wall x11 |
| 3:22 | Qy · wall_segment Palisade Wall x1 |
| 3:22 | Qy · wall_segment Palisade Wall x2 |
| 3:23 | Qy · wall_segment Palisade Wall x1 |
| 3:43 | DangerousVenus3 · wall_segment Palisade Wall x17 |
| 4:16 | danok83 · wall_segment Palisade Wall x6 |
| 4:44 | chestnut · wall_segment Palisade Wall x8 |
| 5:21 | pucneddih · first_building Dock |
| 5:27 | chestnut · wall_segment Palisade Wall x9 |
| 5:42 | DangerousVenus3 · wall_segment Palisade Wall x19 |
| 5:59 | huns · wall_segment Palisade Wall x15 |
| 8:20 | Thatmanzay · wall_segment Palisade Wall x7 |
| 8:26 | danok83 · first_building Dock |
| 8:33 | Thatmanzay · wall_segment Palisade Wall x7 |
| 9:36 | DangerousVenus3 · first_building Dock |
| 9:45 | chestnut · wall_segment Palisade Wall x4 |
| 9:50 | chestnut · wall_segment Palisade Wall x8 |
| 10:32 | elenivitzi · first_building Dock |
| 11:26 | Thatmanzay · age_up feudal |
| 12:25 | Qy · age_up feudal |
| 12:40 | chestnut · first_building Dock |
| 12:51 | pucneddih · age_up feudal |
| 12:53 | Qy · wall_segment Stone Wall x9 |
| 12:54 | huns · wall_segment Palisade Wall x9 |
| 13:17 | danok83 · age_up feudal |
| 13:22 | elenivitzi · age_up feudal |
| 13:32 | danok83 · wall_segment Stone Wall x14 |
| 13:37 | chestnut · age_up feudal |
| 13:49 | elenivitzi · wall_segment Stone Wall x13 |
| 14:12 | huns · age_up feudal |
| 14:20 | huns · wall_segment Stone Wall x9 |
| 14:35 | huns · wall_segment Stone Wall x14 |
| 14:55 | Qy · wall_segment Stone Wall x8 |
| 14:58 | Qy · wall_segment Stone Wall x1 |
| 15:42 | elenivitzi · wall_segment Stone Wall x11 |
| 16:01 | chestnut · wall_segment Stone Wall x7 |
| 16:08 | chestnut · wall_segment Stone Wall x9 |
| 16:32 | Qy · wall_segment Stone Wall x1 |
| 16:33 | pucneddih · first_market_buy 100 wood |
| 16:33 | Qy · wall_segment Stone Wall x1 |
| 16:37 | pucneddih · age_up castle |
| 16:59 | Thatmanzay · age_up castle |
| 18:00 | Qy · age_up castle |
| 18:05 | DangerousVenus3 · age_up feudal |
| 18:27 | DangerousVenus3 · wall_segment Stone Wall x19 |
| 19:00 | danok83 · first_market_buy 100 wood |
| 19:48 | danok83 · age_up castle |
| 20:02 | chestnut · age_up castle |
| 20:44 | pucneddih · first_building Monastery |
| 20:53 | chestnut · first_building Monastery |
| 21:01 | Qy · first_building Castle |
| 21:20 | Qy · first_building Monastery |
| 21:31 | huns · age_up castle |
| 21:33 | elenivitzi · first_building Barracks |
| 21:36 | DangerousVenus3 · wall_segment Stone Wall x16 |
| 22:43 | huns · first_building Castle |
| 23:09 | huns · first_building Monastery |
| 23:15 | elenivitzi · age_up castle |
| 23:51 | DangerousVenus3 · wall_segment Stone Wall x17 |
| 24:02 | DangerousVenus3 · wall_segment Stone Wall x11 |
| 24:07 | Qy · first_building Barracks |
| 24:09 | DangerousVenus3 · wall_segment Stone Wall x1 |
| 24:32 | elenivitzi · first_building Monastery |
| 25:32 | danok83 · first_building Castle |
| 26:18 | DangerousVenus3 · wall_segment Stone Wall x16 |
| 26:53 | Qy · first_building Stable |
| 27:26 | pucneddih · first_building Castle |
| 27:28 | danok83 · first_building Siege Workshop |
| 27:41 | chestnut · first_market_sell 500 wood |
| 27:59 | Thatmanzay · first_building Siege Workshop |
| 28:15 | DangerousVenus3 · wall_segment Stone Wall x12 |
| 28:35 | DangerousVenus3 · first_building Barracks |
| 28:41 | elenivitzi · first_building Siege Workshop |
| 28:45 | pucneddih · first_building Barracks |
| 28:50 | pucneddih · first_building Siege Workshop |
| 29:21 | Thatmanzay · first_building Barracks |
| 29:34 | huns · first_building Barracks |
| 29:39 | elenivitzi · wall_segment Stone Wall x13 |
| 29:58 | DangerousVenus3 · wall_segment Stone Wall x1 |
| 30:07 | chestnut · wall_segment Stone Wall x10 |
| 30:18 | DangerousVenus3 · wall_segment Stone Wall x11 |
| 30:20 | elenivitzi · first_building Castle |
| 30:21 | danok83 · first_building Barracks |
| 30:24 | huns · wall_segment Stone Wall x8 |
| 30:34 | DangerousVenus3 · age_up castle |
| 30:44 | pucneddih · age_up imperial |
| 30:49 | DangerousVenus3 · first_building Monastery |
| 30:52 | pucneddih · first_building Archery Range |
| 31:05 | chestnut · first_building Barracks |
| 31:06 | huns · first_building Archery Range |
| 31:16 | chestnut · wall_segment Stone Wall x11 |
| 31:24 | danok83 · first_building Archery Range |
| 31:47 | chestnut · first_building Stable |
| 31:47 | DangerousVenus3 · wall_segment Stone Wall x8 |
| 31:57 | elenivitzi · wall_segment Stone Wall x10 |
| 32:01 | chestnut · age_up imperial |
| 32:04 | Thatmanzay · age_up imperial |
| 32:49 | danok83 · age_up imperial |
| 33:21 | Qy · age_up imperial |
| 33:54 | huns · age_up imperial |
| 34:05 | Qy · first_building Archery Range |
| 34:05 | Thatmanzay · first_building Castle |
| 34:40 | huns · first_building Stable |
| 34:58 | chestnut · first_building Castle |
| 35:10 | DangerousVenus3 · first_building Castle |
| 35:18 | elenivitzi · age_up imperial |
| 35:29 | DangerousVenus3 · first_building Siege Workshop |
| 35:38 | DangerousVenus3 · wall_segment Stone Wall x8 |
| 35:48 | DangerousVenus3 · wall_segment Stone Wall x9 |
| 36:03 | DangerousVenus3 · wall_segment Stone Wall x5 |
| 36:07 | huns · first_building Siege Workshop |
| 36:21 | Thatmanzay · first_building Stable |
| 36:25 | chestnut · first_building Archery Range |
| 36:41 | elenivitzi · first_building Stable |
| 37:56 | DangerousVenus3 · first_market_buy 100 stone |
| 38:13 | chestnut · wall_segment Stone Wall x12 |
| 38:55 | elenivitzi · wall_segment Stone Wall x9 |
| 39:28 | pucneddih · first_market_sell 100 wood |
| 39:49 | chestnut · wall_segment Stone Wall x11 |
| 40:06 | DangerousVenus3 · wall_segment Stone Wall x12 |
| 40:35 | danok83 · wall_segment Stone Wall x11 |
| 43:56 | chestnut · first_market_buy 100 stone |
| 44:32 | pucneddih · tribute_sent a jugador 1 |
| 44:32 | pucneddih · tribute_sent a jugador 2 |
| 44:32 | pucneddih · tribute_sent a jugador 3 |
| 44:32 | pucneddih · tribute_sent a jugador 4 |
| 44:32 | pucneddih · tribute_sent a jugador 5 |
| 44:32 | pucneddih · tribute_sent a jugador 6 |
| 44:32 | pucneddih · tribute_sent a jugador 7 |
| 45:07 | chestnut · first_building Siege Workshop |
| 45:22 | DangerousVenus3 · age_up imperial |
| 45:36 | DangerousVenus3 · first_building Archery Range |
| 45:51 | Qy · first_market_sell 500 wood |
| 49:26 | Qy · resign |
[ AI ANALYSIS · 1 CREDIT ]
What really happened in this match?
Wolo.gg analyzes every decision: build order, eco, micro, common mistakes by bracket. Personalized analysis on WhatsApp or Discord in 30 seconds.
Civ guide
Persians
Perfil
Jugador #19573401